 Dungeon Sprint DCSS version 0.20-a0-876-g2c7b0bf (webtiles) character file.

21863 esc the Brawler (level 12, -7/144 HPs)
             Began as a Troll Berserker on Mar 15, 2017.
             Was a High Priest of Trog.
             Mangled by a spriggan defender
             ... wielding a +2 demon whip of electrocution
              (20 damage)
             ... in the Dungeon (Sprint IV: "Fedhas' Mad Dash").
             The game lasted 00:23:05 (3766 turns).

esc the Brawler (Troll Berserker)                   Turns: 3766, Time: 00:23:05

Health: -7/144     AC:  7    Str: 27 (28) XL:     12   Next: 57%
Magic:  11/11      EV: 17    Int:  3      God:    Trog [*****.]
Gold:   46         SH:  0    Dex: 10 (13) Spells: 11/11 levels left

rFire    . . .     SeeInvis .     - Unarmed
rCold    . . .     Gourm    +   s - +2 robe {MR+}
rNeg     . . .     Faith    .   (no shield)
rPois    .         Spirit   .   (helmet restricted)
rElec    .         Reflect  .   (no cloak)
rCorr    .         Harm     .   (gloves unavailable)
MR       ++...     NoTele   +   (boots unavailable)
Stlth    +.........             k - amulet of invisibility {+Inv}
Regen    0.8/turn               (no ring)
MPRegen  0.2/turn               m - ring of protection from magic {MR+, !d}

@: very slightly contaminated
A: unfitting armour, claws 3, deterioration 1, fast metabolism 3, gourmand,
regeneration 1, shaggy fur 1, tough skin 2
a: Berserk, Trog's Hand, Brothers in Arms, Burn Spellbooks, Renounce Religion,
Evoke Invisibility


You were in the Dungeon.
You worshipped Trog.
Trog was extremely pleased with you.
You were not hungry.

You visited 1 branch You collected 439 gold pieces.
You spent 393 gold pieces at shops.

Inventory:

Missiles
 l - 3 large rocks (quivered) {!d}
Armour
 s - a +2 robe of magic resistance (worn)
   (You took it off Agnes in the Dungeon)
Jewellery
 a - an uncursed amulet of regeneration {+regen, !d}
   (You found it in the Dungeon)
 k - the amulet of invisibility (around neck) {+Inv}
   (You found it in the Dungeon)

   [amulet of nothing]

   It lets you turn invisible.
 m - a ring of protection from magic (left claw) {MR+, !d}
   (You found it in the Dungeon)
Scrolls
 i - a scroll of recharging
 j - a scroll of fog {unknown}
 n - a scroll of amnesia {unknown}
 r - a scroll of enchant weapon {unknown}
Potions
 c - 2 potions of curing
 e - 2 potions of haste
 f - 2 potions of magic
 g - a potion of berserk rage {!q}
Books
 p - a book of Misfortune
   (You found it in the Dungeon)
Miscellaneous
 o - a fan of gales
   (You found it in the Dungeon)
 q - a lamp of fire
   (You found it in the Dungeon)


   Skills:
 + Level 15.8 Fighting
 + Level 15.8 Dodging
 + Level 18.3 Unarmed Combat


You had 11 spell levels left.
You didn't know any spells.

Dungeon Overview and Level Annotations

Branches:
Dungeon (1/1)

Altars:
Cheibriados
Dithmenos
Elyvilon
Gozag
Hepliaklqana
Kikubaaqudgha
Makhleb
Nemelex Xobeh
Okawaru
Qazlal
Ru
Sif Muna
Trog
Uskayaw
Vehumet
Wu Jian
Xom
Yredelemnul
Zin
The Shining One
Beogh
Jiyva
Lugonu

Shops:
D =}*(%?!(%((!:*[}?[!(!

Annotations:
D the Enchantress


Innate Abilities, Weirdness & Mutations

You are too large for most types of armour.
You have claws for hands.
Your metabolism is lightning-fast.
You like to eat raw meat.
Your natural rate of healing is unusually fast.
You are covered in fur. (AC +1)
You have very tough skin. (AC +2)
Your body sometimes deteriorates upon taking damage.


Message History

You feel clumsy. A tree reaches out and hits your troll!
The spriggan defender hits you with a demon whip of electrocution!!
Your body deteriorates!
You feel weakened.
You are electrocuted!
The spriggan druid closely misses you.
You take 45 damage, and have 70/144 hp.
MASSIVE DAMAGE!!
Okay, then.
Okay, then.
Okay, then.
You feel much better. A tree reaches out but misses you.
A tree reaches out and hits your troll!
The spriggan defender barely misses you.
Your troll bites the spriggan druid!!
Your troll misses the spriggan druid. x2
The spriggan druid casts a spell at you.
The stone arrow misses you.
The spriggan defender hits you with a demon whip of electrocution!!
Your troll is hit by a branch!
A root smacks you from below.
Your troll barely misses the spriggan druid.
Your troll closely misses the spriggan druid.
Your troll completely misses the spriggan druid.
The spriggan druid hits your troll with a quarterstaff!
Your troll bites the spriggan druid!!
The spriggan druid dies!
Trog accepts your kill.
Trog appreciates your killing of a magic user.
The forest abruptly stops moving.
You take 11 damage, and have 60/144 hp.
The spriggan defender blocks your attack.
The spriggan defender misses you.
The spriggan defender hits you with a demon whip of electrocution!!
* * * LOW HITPOINT WARNING * * *
Your body deteriorates!
You feel clumsy.
The spriggan defender blocks your troll's attack. x2
Your troll closely misses the spriggan defender.
You take 19 damage, and have 41/144 hp.
Here: a spriggan defender, wielding a demon whip of electrocution, wearing a robe and wearing a buckler The floor.
Okay, then.
You feel much better.
The spriggan defender hits you with a demon whip of electrocution!
You are electrocuted!
Your troll misses the spriggan defender.
Your troll claws the spriggan defender!
The spriggan defender blocks your troll's attack.
You regained 4 hp, and now have 45/144 hp.
You miss the spriggan defender. Your claw misses the spriggan defender.
The spriggan defender hits you with a demon whip of electrocution!!
* * * LOW HITPOINT WARNING * * *
The spriggan defender blocks your troll's attack.
Your troll misses the spriggan defender.
Your troll completely misses the spriggan defender.
You take 31 damage, and have 14/144 hp.
MASSIVE DAMAGE!!
You feel much better.
The spriggan defender hits you with a demon whip of electrocution!!
* * * LOW HITPOINT WARNING * * *
Your body deteriorates!
You feel clumsy.
Your troll bites the spriggan defender.
The spriggan defender blocks your troll's attack.
Your troll barely misses the spriggan defender.
The spriggan defender hits you with a demon whip of electrocution.
* * * LOW HITPOINT WARNING * * *
The spriggan defender blocks your troll's attack.
Your troll claws the spriggan defender.
Your troll claws the spriggan defender!
You feel much better.
The spriggan defender hits you with a demon whip of electrocution!
* * * LOW HITPOINT WARNING * * *
Your troll bites the spriggan defender.
The spriggan defender blocks your troll's attack.
Your troll misses the spriggan defender.
The spriggan defender hits your troll with a demon whip of electrocution!
You regained 9 hp, and now have 23/144 hp.
Your troll goes berserk!
You feel quite a bit more hungry.
Your troll misses the spriggan defender.
The spriggan defender blocks your troll's attack.
Your troll claws the spriggan defender!
The spriggan defender misses you.
The spriggan defender blocks your troll's attack.
Your troll completely misses the spriggan defender.
Your troll claws the spriggan defender.
The Enchantress comes into view.
She is wielding a flail of draining.
The Enchantress shouts!
The spriggan defender hits your troll with a demon whip of electrocution!
Your troll dies!
Your troll's corpse disappears in a puff of smoke!
Here: the Enchantress, wielding a flail of draining, wearing faerie dragon scales and wearing a glowing buckler (deflecting missiles)
The floor.
Okay, then.
Okay, then.
You barely miss the spriggan defender.
The spriggan defender blocks your troll's attack. x3
The spriggan defender hits you with a demon whip of electrocution!
* * * LOW HITPOINT WARNING * * *
You are electrocuted!
You die...

#.).....P..# #....'...
###.P....### #....####
###...## ##....#
#....####.....####
#.............'...
#......)......####
**########################
*,.......♣..♣..♣..♣..♣..♣.
*,...i...@iT............).
*,.......♣.)♣..♣..♣..♣..♣.
**''''#######*############
*,...,,* ******,,,,,
*,.,,,,*********,,,,,,,,,,
**,,,,,,,,,,,,,,,,,,,,,,,,
*,,,,,,,,,,,,,,,,,,,,,,,,
*,,,,,,,,,,,,,,******,,,,
*,,,,,,,,,,,,,,* *****


You could see the Enchantress, a spriggan defender and a friendly troll
(berserk).

Vanquished Creatures
  A ghost moth (D)
  2 spriggan defenders (D)
  4 spriggan berserkers (D)
  3 spriggan druids (D)
  15 oklob plants (D)
  2 moths of wrath (D)
  3 burning bushes (D)
  2 demonic crawlers (D)
  2 queen bees (D)
  3 wandering mushrooms (D)
  8 hornets (D)
  2 scorpions (D)
  A killer bee (D)
  5 oklob saplings (D)
  2 worker ants (D)
  8 spriggans (D)
  A river rat (D)
  A rat (D)
  4 ballistomycetes (D)
69 creatures vanquished.

Vanquished Creatures (collateral kills)
  Agnes (D)
  A spriggan defender (D)
  A spriggan druid (D)
  8 oklob plants (D)
  A demonic crawler (D)
  2 spriggans (D)
  3 killer bees (D)
17 creatures vanquished.

Vanquished Creatures (others)
  2 ballistomycete spores (D)
  A bush (D)
3 creatures vanquished.

Grand Total: 89 creatures vanquished

Notes
Turn   | Place    | Note
-------+----------+-------------------------------------------
     0 | D        | esc the Troll Berserker began the quest for the Orb.
     0 | D        | Reached XP level 1. HP: 22/22 MP: 0/0
    10 | D        | Reached skill level 3 in Fighting
    10 | D        | Reached skill level 3 in Dodging
    10 | D        | Reached XP level 2. HP: 24/31 MP: 1/1
    31 | D        | Noticed an oklob sapling
    40 | D        | Reached ** piety under Trog
    40 | D        | Reached skill level 4 in Unarmed Combat
    40 | D        | Reached XP level 3. HP: 34/39 MP: 2/2
    93 | D        | Killed an oklob sapling
    93 | D        | Reached skill level 4 in Fighting
    93 | D        | Reached skill level 4 in Dodging
    93 | D        | Reached skill level 5 in Unarmed Combat
   104 | D        | Found an opulent altar of Gozag.
   104 | D        | Found a hazy altar of Hepliaklqana.
   104 | D        | Found a burning altar of Makhleb.
   104 | D        | Found a roughly hewn altar of Beogh.
   104 | D        | Found a sparkling altar of Nemelex Xobeh.
   104 | D        | Found a snail-covered altar of Cheibriados.
   104 | D        | Found a sacrificial altar of Ru.
   104 | D        | Found a deep blue altar of Sif Muna.
   104 | D        | Found a shimmering altar of Xom.
   104 | D        | Found a basalt altar of Yredelemnul.
   105 | D        | Found a viscous altar of Jiyva.
   105 | D        | Found a bloodstained altar of Trog.
   105 | D        | Found an ornate altar of the Wu Jian Council.
   105 | D        | Noticed an oklob sapling priest
   230 | D        | Found an iron altar of Okawaru.
   230 | D        | Found a shadowy altar of Dithmenos.
   230 | D        | Found a glowing silver altar of Zin.
   231 | D        | Found an ancient bone altar of Kikubaaqudgha.
   231 | D        | Found a hide-covered altar of Uskayaw.
   232 | D        | Found a stormy altar of Qazlal.
   232 | D        | Found a white marble altar of Elyvilon.
   232 | D        | Found a glowing golden altar of the Shining One.
   233 | D        | Found a corrupted altar of Lugonu.
   233 | D        | Found a radiant altar of Vehumet.
   238 | D        | Killed an oklob sapling priest
   238 | D        | Reached skill level 5 in Fighting
   238 | D        | Reached skill level 5 in Dodging
   238 | D        | Reached skill level 6 in Unarmed Combat
   238 | D        | Reached XP level 4. HP: 50/50 MP: 0/3
   270 | D        | Reached *** piety under Trog
   270 | D        | Reached XP level 5. HP: 56/57 MP: 1/4
   279 | D        | Gained mutation: Your body sometimes deteriorates upon taking damage. [mutagenic glow]
   402 | D        | Reached skill level 7 in Unarmed Combat
   405 | D        | Reached skill level 6 in Fighting
   405 | D        | Reached skill level 6 in Dodging
   449 | D        | Found Tezxute's Antique Armour Shop.
   450 | D        | Found Jestugg's General Store.
   457 | D        | Bought a scroll of identify for 20 gold pieces
   460 | D        | Noticed a burning bush
   460 | D        | Noticed a wandering mushroom
   500 | D        | Killed a wandering mushroom
   500 | D        | Reached **** piety under Trog
   500 | D        | Reached skill level 7 in Fighting
   500 | D        | Reached skill level 7 in Dodging
   500 | D        | Reached skill level 9 in Unarmed Combat
   500 | D        | Reached XP level 6. HP: 71/71 MP: 5/5
   505 | D        | Noticed a wandering mushroom
   581 | D        | Reached XP level 7. HP: 33/79 MP: 6/6
   660 | D        | Killed a burning bush
   660 | D        | Reached skill level 8 in Fighting
   660 | D        | Reached skill level 8 in Dodging
   660 | D        | Reached skill level 10 in Unarmed Combat
   663 | D        | Found Piquestru's Antique Armour Shoppe.
   664 | D        | Found Qaac's Distillery.
   742 | D        | Noticed a queen bee
   752 | D        | Killed a queen bee
   752 | D        | Reached skill level 9 in Fighting
   752 | D        | Reached skill level 9 in Dodging
   752 | D        | Reached XP level 8. HP: 92/92 MP: 7/7
   761 | D        | Reached ***** piety under Trog
   788 | D        | Noticed an oklob plant
   795 | D        | Killed an oklob plant
   795 | D        | Reached skill level 11 in Unarmed Combat
   813 | D        | Noticed a burning bush
   817 | D        | Killed a burning bush
   817 | D        | Reached skill level 10 in Fighting
   817 | D        | Reached skill level 10 in Dodging
   827 | D        | Noticed a burning bush
   827 | D        | Noticed an oklob plant
   832 | D        | Noticed a wandering mushroom
   837 | D        | Killed a burning bush
   837 | D        | Reached XP level 9. HP: 63/101 MP: 5/8
   925 | D        | Killed a wandering mushroom
   925 | D        | Received a gift from Trog
   925 | D        | Reached skill level 12 in Unarmed Combat
   930 | D        | Killed an oklob plant
  1014 | D        | Noticed a spriggan druid
  1018 | D        | Killed a spriggan druid
  1018 | D        | Reached skill level 11 in Fighting
  1018 | D        | Reached skill level 11 in Dodging
  1018 | D        | Reached skill level 13 in Unarmed Combat
  1061 | D        | Noticed an oklob plant conjurer
  1065 | D        | Killed an oklob plant conjurer
  1181 | D        | Noticed an oklob plant
  1181 | D        | Noticed an oklob plant summoner
  1184 | D        | Noticed Agnes
  1190 | D        | Killed Agnes
  1190 | D        | Reached XP level 10. HP: 85/115 MP: 9/9
  1194 | D        | Killed an oklob plant
  1196 | D        | Killed an oklob plant summoner
  1196 | D        | Reached skill level 12 in Fighting
  1196 | D        | Reached skill level 12 in Dodging
  1197 | D        | Noticed an oklob plant shifter
  1198 | D        | Killed an oklob plant shifter
  1198 | D        | Received a gift from Trog
  1198 | D        | Reached skill level 14 in Unarmed Combat
  1207 | D        | Noticed a spriggan rider
  1214 | D        | Killed a spriggan rider
  1214 | D        | Reached ****** piety under Trog
  1218 | D        | Found Siwn's Weapon Emporium.
  1223 | D        | Found Jiseil's Distillery.
  1361 | D        | Bought a potion of curing for 39 gold pieces
  1361 | D        | Bought a potion of heal wounds for 65 gold pieces
  1403 | D        | Found Asook's Gadget Emporium.
  1403 | D        | Noticed a spriggan berserker
  1407 | D        | Noticed a death yak
  1412 | D        | Killed a spriggan berserker
  1412 | D        | Received a gift from Trog
  1469 | D        | Noticed a spriggan rider
  1479 | D        | Found Komninn's Magic Scroll Shoppe.
  1482 | D        | Noticed a spriggan defender
  1488 | D        | Killed a spriggan defender
  1522 | D        | HP: 38/177 [spriggan rider (19)]
  1524 | D        | Killed a spriggan rider
  1524 | D        | Reached skill level 13 in Fighting
  1524 | D        | Reached skill level 13 in Dodging
  1524 | D        | Reached skill level 15 in Unarmed Combat
  1669 | D        | Bought a scroll of magic mapping for 42 gold pieces
  1722 | D        | Reached XP level 11. HP: 117/127 MP: 0/10
  1726 | D        | Killed a ghost moth
  1736 | D        | Found Rusko's Jewellery Shoppe.
  1736 | D        | Found Zof Fups's Gadget Boutique.
  1736 | D        | Found Eclot Roeru's General Store.
  1739 | D        | Noticed an oklob plant meteorologist
  1748 | D        | Noticed an oklob plant shifter
  1852 | D        | Killed an oklob plant meteorologist
  2002 | D        | Killed an oklob plant shifter
  2002 | D        | Received a gift from Trog
  2014 | D        | Noticed a spriggan rider
  2030 | D        | Killed a spriggan rider
  2030 | D        | Reached skill level 16 in Unarmed Combat
  2226 | D        | Bought a potion of haste for 130 gold pieces
  2226 | D        | Bought a scroll of blinking for 97 gold pieces
  2250 | D        | Found Boxupueq's Food Shoppe.
  2250 | D        | Found Qenledgha's Magic Scroll Boutique.
  2250 | D        | Found Foskesm's Weapon Shop.
  2250 | D        | Found Toqy's Antique Weapon Emporium.
  2250 | D        | Found Pasid's Distillery.
  2251 | D        | Found Saptetag's Antique Weapon Emporium.
  2251 | D        | Found Igomar's Antique Weapon Shop.
  2251 | D        | Found Dydiofetz's Food Boutique.
  2282 | D        | Noticed an oklob plant summoner
  2283 | D        | Found Panoesip's Distillery.
  2336 | D        | Found Juojexej's Book Shop.
  2343 | D        | Killed an oklob plant summoner
  2343 | D        | Received a gift from Trog
  2424 | D        | Noticed an oklob plant annihilator
  2435 | D        | Noticed an oklob plant demonologist
  2435 | D        | Noticed a spriggan berserker
  2445 | D        | Killed a spriggan berserker
  2445 | D        | Reached skill level 14 in Fighting
  2445 | D        | Reached skill level 14 in Dodging
  2552 | D        | Killed an oklob plant annihilator
  2560 | D        | Killed an oklob plant demonologist
  2664 | D        | Got a warped ivory amulet
  2669 | D        | Identified the amulet "Hero's Friend" {Gourm Dex+2} (You found it in the Dungeon)
  2704 | D        | Noticed an oklob plant
  2704 | D        | Noticed an oklob plant
  2704 | D        | Noticed an oklob plant
  2704 | D        | Noticed an oklob plant
  2704 | D        | Noticed an oklob plant
  2704 | D        | Noticed an oklob plant
  2738 | D        | Noticed an oklob plant
  2739 | D        | Noticed an oklob plant
  2742 | D        | Killed an oklob plant
  2742 | D        | Received a gift from Trog
  2742 | D        | Killed an oklob plant
  2743 | D        | Noticed an oklob plant
  2744 | D        | Noticed an oklob plant
  2745 | D        | Killed an oklob plant
  2747 | D        | Killed an oklob plant
  2749 | D        | Killed an oklob plant
  2750 | D        | Killed an oklob plant
  2752 | D        | Killed an oklob plant
  2851 | D        | Noticed an oklob plant
  2853 | D        | Noticed an oklob plant
  2860 | D        | Killed an oklob plant
  2860 | D        | Received a gift from Trog
  3040 | D        | Killed an oklob plant
  3040 | D        | Reached skill level 17 in Unarmed Combat
  3042 | D        | Killed an oklob plant
  3045 | D        | Killed an oklob plant
  3045 | D        | Received a gift from Trog
  3045 | D        | Reached XP level 12. HP: 140/140 MP: 9/11
  3159 | D        | Noticed a spriggan defender
  3159 | D        | Noticed a spriggan defender
  3166 | D        | Killed a spriggan defender
  3166 | D        | Reached skill level 15 in Fighting
  3166 | D        | Reached skill level 15 in Dodging
  3215 | D        | Killed a spriggan defender
  3334 | D        | Received a gift from Trog
  3531 | D        | Reached skill level 18 in Unarmed Combat
  3603 | D        | Received a gift from Trog
  3754 | D        | Noticed a spriggan defender
  3761 | D        | HP: 14/144 [spriggan defender/demon whip of electrocution (32)]
  3765 | D        | Noticed the Enchantress
  3766 | D        | HP: 13/144 [spriggan defender/demon whip of electrocution (12)]
  3766 | D        | Mangled by a spriggan defender

Vault maps used:
D:        dungeon_sprint_fedhas

Skill      XL: |  1  2  3  4  5  6  7  8  9 10 11 12 |
---------------+-------------------------------------+-----
Fighting       | 3 5 7 9 10 11 13 14 15 | 15.8
Dodging        | 3 5 7 9 10 11 13 14 15 | 15.8
Unarmed Combat | 4 6 9 10 11 13 15 17 18 | 18.3

Action                   |  1- 3 |  4- 6 |  7- 9 | 10-12 || total
-------------------------+-------+-------+-------+-------++-------
Melee: Unarmed           |    16 |    24 |    46 |   134 ||   220
       Punch             |       |       |     4 |    11 ||    15
Throw: Large rock        |       |       |       |     4 ||     4
Invok: Berserk           |     1 |     1 |     2 |     8 ||    12
       Brothers in Arms  |       |       |     2 |     7 ||     9
 Abil: Evoke Invisibilit |     2 |     1 |     2 |     8 ||    13
  Use: Scroll            |       |     1 |       |     3 ||     4
       Potion            |       |       |       |     4 ||     4
 Stab: Invisible         |     1 |       |       |    13 ||    14
  Eat: Chunk             |     2 |     4 |       |    11 ||    17
       Fruit             |       |     1 |     3 |       ||     4
       Royal jelly       |       |       |     3 |     6 ||     9
       Meat ration       |       |       |       |     1 ||     1
       Bread ration      |       |       |       |     2 ||     2
Armor: Animal skin       |     3 |     3 |     3 |       ||     9
       Robe              |       |       |       |     5 ||     5
Dodge: Dodged            |     8 |    11 |    24 |    59 ||   102

Vault maps used:
D:        dungeon_sprint_fedhas

Table legend:
 A = Turns spent in this place as a percentage of turns spent in the entire game.
 B = Non-inter-level travel turns spent in this place as a percentage of non-inter-level travel turns spent in the entire game.
 C = Inter-level travel turns spent in this place as a percentage of turns spent in this place.
 D = Turns resting spent in this place as a percentage of non-inter-level travel turns spent in this place.
 E = Turns spent auto-exploring this place as a percentage of non-inter-level travel turns spent in this place.
 F = Non-inter-level travel turns spent in this place divided by the number of levels of this place that you've seen.
                   A       B       C       D       E      F
               +-------+-------+-------+-------+-------+----------------------
         Total | 100.0 | 100.0 |   0.2 |  10.4 |   0.0 | 1610.0
       Dungeon | 100.0 | 100.0 |   0.2 |  10.4 |   0.0 | 1610.0
               +-------+-------+-------+-------+-------+----------------------

Table legend:
 A = Kills in this place as a percentage of kills in entire the game.
 B = Kills by you in this place as a percentage of kills by you in the entire game.
 C = Kills by friends in this place as a percentage of kills by friends in the entire game.
 D = Other kills in this place as a percentage of other kills in the entire game.
 E = Experience gained in this place as a percentage of experience gained in the entire game.
 F = Experience gained in this place divided by the number of levels of this place that you have seen.
                   A       B       C       D       E      F
               +-------+-------+-------+-------+-------+----------------------
         Total | 100.0 | 100.0 | 100.0 |  -nan | 100.0 | 31233.0
       Dungeon | 100.0 | 100.0 | 100.0 |  -nan | 100.0 | 31233.0
               +-------+-------+-------+-------+-------+----------------------
